 Dungeon Crawl Stone Soup version 0.21-a0-401-g0b6bec4 (webtiles) character file.

129 Spazmo the Magician (level 4, -6/24 HPs)
             Began as a Deep Elf Fire Elementalist on Oct 23, 2017.
             Mangled by Grinder (9 damage)
             ... while paralysed by Grinder
             ... on level 3 of the Dungeon.
             The game lasted 00:07:18 (2470 turns).

Spazmo the Magician (Deep Elf Fire Elementalist)    Turns: 2470, Time: 00:07:18

Health: -6/24      AC:  3    Str:  3 (5)  XL:     4   Next: 88%
Magic:  3/12       EV:  2    Int: 19 (21) God:
Gold:   101        SH:  0    Dex: 14 (15) Spells: 1/11 levels left

rFire    . . .     SeeInvis .   j - +2 short sword (drain)
rCold    . . .     Gourm    .   (no shield)
rNeg     . . .     Faith    .   a - +1 robe
rPois    .         Spirit   .   (no helmet)
rElec    .         Reflect  .   (no cloak)
rCorr    .         Harm     .   (no gloves)
MR       .....     Rnd*Tele +   (no boots)
Stlth    ++........             (no amulet)
HPRegen  0.08/turn              r - ring of teleportation (curse)
MPRegen  0.13/turn              (no ring)

@: paralysed
A: no striking features
a: no special abilities


You were on level 3 of the Dungeon.
You were hungry.

You visited 1 branch of the dungeon, and saw 3 of its levels.

You collected 101 gold pieces.

Inventory:

Hand Weapons
 j - a +2 short sword of draining (weapon)
Missiles
 k - 120 stones (quivered)
Armour
 a - a +1 robe (worn)
Jewellery
 r - a cursed ring of teleportation (left hand)
Scrolls
 d - 3 scrolls of teleportation
 h - a scroll of enchant armour
 m - a scroll of identify {unknown}
 o - a scroll of enchant weapon
Potions
 f - 2 potions of curing
 g - a potion of flight
 n - a potion of mutation {unknown}
 p - a potion of might {unknown}
 q - a potion of berserk rage {unknown}
Books
 b - a book of Flames

   Spells                             Type                      Level
   a - Flame Tongue                   Conjuration/Fire             1
   b - Throw Flame                    Conjuration/Fire             2
   c - Conjure Flame                  Conjuration/Fire             3
   d - Inner Flame                    Hexes/Fire                   3
   e - Sticky Flame                   Conjuration/Fire             4
   f - Fireball                       Conjuration/Fire             5
 e - a book of Misfortune

   Spells                             Type                      Level
   a - Confusing Touch                Hexes                        1
   b - Confuse                        Hexes                        3
   c - Gell's Gravitas                Translocation                3
   d - Petrify                        Transmutation/Earth          4
   e - Metabolic Englaciation         Hexes/Ice                    5
   f - Yara's Violent Unravelling     Hexes/Transmutation          5
Comestibles
 c - 3 bread rations
 l - a meat ration


   Skills:
 - Level 3.0 Dodging
 - Level 3.0 Stealth
 + Level 4.3 Spellcasting
 + Level 2.8 Conjurations
 + Level 4.3 Fire Magic


You had one spell level left.
You knew the following spells:

 Your Spells              Type           Power        Failure   Level  Hunger
a - Flame Tongue          Conj/Fire      ###..        3%          1    None
b - Throw Flame           Conj/Fire      ###...       4%          2    #......
c - Conjure Flame         Conj/Fire      ###.....     9%          3    ###....
d - Sticky Flame          Conj/Fire      ###.....     30%         4    ####...


Dungeon Overview and Level Annotations

Branches:
Dungeon (3/15)

Altars:
Nemelex Xobeh

Annotations:
D:3 Grinder


Message History

Grinder is lightly wounded.
Grinder is covered in liquid flames!
Grinder burns!
Grinder barely misses you.
You hit Grinder but do no damage.
Grinder is moderately wounded.
Grinder burns!
Grinder hits you!
You hit Grinder but do no damage.
Grinder is moderately wounded.
Grinder burns!
Grinder gestures at you.
You suddenly lose the ability to move!
Grinder burns!
Grinder gestures at you. You resist with significant effort.
Grinder burns!
Grinder hits you!
* * * LOW HITPOINT WARNING * * *
You writhe in agony.
* * * LOW HITPOINT WARNING * * *
Grinder burns!
Grinder hits you but does no damage.
Grinder burns!
Grinder hits you!
You die...

#......#####.#
#......# ###.#
######## #...#
#.### #.#
#.######
#......#
########.#
#.@......#
#5######## #.#
#.# #.#
#.)...5.#
#######.#


You could see Grinder (burning).

Vanquished Creatures
  Ijyb (D:3)
  2 adders (D:2)
  2 oozes
  An adder skeleton (D:3)
  2 worms (D:2)
  2 dart slugs (D:1)
  3 leopard geckos
  An orc (D:3)
  2 ball pythons
  5 bats
  3 giant cockroaches
  10 goblins
  7 hobgoblins
  4 frilled lizards
  8 kobolds
  11 rats
64 creatures vanquished.

Notes
Turn   | Place    | Note
-------+----------+-------------------------------------------
     0 | D:1      | Spazmo the Deep Elf Fire Elementalist began the quest for the Orb.
     0 | D:1      | Reached XP level 1. HP: 10/10 MP: 6/6
   360 | D:1      | Reached XP level 2. HP: 15/15 MP: 5/8
   683 | D:1      | Reached XP level 3. HP: 19/19 MP: 7/9
   726 | D:1      | You fall through a shaft!
  1455 | D:2      | Reached XP level 4. HP: 22/24 MP: 5/11
  1547 | D:2      | Learned a level 2 spell: Throw Flame
  1551 | D:2      | Learned a level 3 spell: Conjure Flame
  1556 | D:2      | Learned a level 4 spell: Sticky Flame
  2348 | D:3      | Noticed Ijyb
  2348 | D:3      | Noticed Grinder
  2389 | D:3      | Found a sparkling altar of Nemelex Xobeh.
  2454 | D:3      | Killed Ijyb
  2466 | D:3      | Paralysed by Grinder for 5 turns
  2470 | D:3      | Mangled by Grinder

Vault maps used:
D:1:      sevenhm_arrival_forest_fort_small_3, minmay_circled_x
D:2:      first_bread, minmay_misc_feat_square
D:3:      nemelex_dance_club_becter, uniq_ijyb, uniq_grinder

Skill      XL: |  1  2  3  4 |
---------------+-------------+-----
Stealth        | 3 |  3.0
Dodging        | 3 |  3.0
Conjurations   | 2 |  2.8
Fire Magic     | 4 |  4.3
Spellcasting   | 4 |  4.3

Action                   |  1- 3 |  4- 6 || total
-------------------------+-------+-------++-------
Melee: Short sword       |     3 |     6 ||     9
 Cast: Flame Tongue      |    69 |    43 ||   112
       Sticky Flame      |       |     2 ||     2
  Use: Scroll            |     6 |     1 ||     7
       Potion            |     2 |     1 ||     3
  Eat: Chunk             |     1 |     3 ||     4
Armor: Robe              |     4 |    10 ||    14
Dodge: Dodged            |    21 |    32 ||    53

Table legend:
 A = Spawn XP
 B = Non-spawn XP
 C = Spawn XP percentage of total XP
 D = Spawn monster count
 E = Non-spawn monster count
 F = Spawn count percentage of total count
 G = Total turns spent on level
                    A         B        C        D         E        F      G
               +---------+---------+-------+---------+---------+-------+---------
         Total |       0 |     185 |   0.0 |       0 |      64 |   0.0 |  2470
               +---------+---------+-------+---------+---------+-------+---------
           D:1 |       0 |      43 |   0.0 |       0 |      20 |   0.0 |   939
           D:2 |       0 |      78 |   0.0 |       0 |      33 |   0.0 |  1070
           D:3 |       0 |      64 |   0.0 |       0 |      11 |   0.0 |   461
               +---------+---------+-------+---------+---------+-------+---------
